 Dungeon Crawl Stone Soup version 0.28-a0-577-gb193047a1f (webtiles) character file.

Game seed: 9545866768409354089

30 siradein the Firebug (level 3, 31/31 HPs)
             Began as an Ogre Fire Elementalist on Oct 1, 2021.
             Quit the game on level 2 of the Dungeon.
             The game lasted 00:04:19 (1422 turns).

siradein the Firebug (Ogre Fire Elementalist)       Turns: 1422, Time: 00:04:20

Health: 31/31      AC:  3    Str: 12    XL:     3   Next: 20%
Magic:  7/7        EV: 10    Int: 17    God:
Gold:   35         SH:  0    Dex:  9    Spells: 6/7 levels left

rFire   . . .      SeeInvis .   c - +2 dagger (venom)
rCold   . . .      Faith    .   (no shield)
rNeg    . . .      Spirit   .   a - +0 robe
rPois   .          Reflect  .   (helmet restricted)
rElec   .          Harm     .   f - scarf {+Inv}
rCorr   .          Rampage  .   (gloves unavailable)
Will    .....                   (boots unavailable)
Stlth   ++........              (no amulet)
HPRegen 0.10/turn               (no ring)
MPRegen 0.10/turn               (no ring)

@: no status effects
A: large, unfitting armour, tough skin 1
a: Evoke Invisibility


You were on level 2 of the Dungeon.
You visited 1 branch of the dungeon, and saw 2 of its levels.

You collected 35 gold pieces.

Inventory:

Hand Weapons
 c - a +2 dagger of venom (weapon)
Armour
 a - a +0 robe (worn)
 f - a scarf of invisibility (worn)
Scrolls
 b - a scroll of blinking {unknown}
 d - a scroll of enchant weapon {unknown}
Potions
 e - a potion of curing {unknown}


   Skills:
 + Level 2.1 Dodging
 + Level 1.8 Stealth
 + Level 2.8 Spellcasting
 + Level 1.3 Conjurations
 + Level 2.9 Fire Magic


You had 6 spell levels left.
You knew the following spells:

 Your Spells              Type           Power      Damage    Failure   Level
a - Foxfire               Conj/Fire      36%        2x1d5     8%          1

Your spell library contained the following spells:

 Spells                   Type           Power      Damage    Failure   Level
 Scorch                   Fire           24%        2d6       8%          2
 Conjure Flame            Conj/Fire      9%         6-21      22%         3
 Inner Flame              Hex/Fire       7%         N/A       28%         3
 Flame Wave               Conj/Fire      9%         3d4       58%         4


Dungeon Overview and Level Annotations

Branches:
Dungeon (2/15)

Altars:

Shops:
D:1 (?[


Innate Abilities, Weirdness & Mutations

You are too large for most types of armour.
You have tough skin. (AC +1)


Message History

Press: ? - help, Q - select action Dir - look around, f - activate You conjure some foxfire!
The foxfire hits the frilled lizard.
You kill the frilled lizard!
Your foxfire dissipates!
Your magical contamination has completely faded away.
Things that are here:
a +0 club; a stone; a kobold corpse
There is a stone staircase leading down here.
Found a robe.
Found a stone staircase leading down.
A ball python comes into view.
Casting: Foxfire (safe; 8% risk of failure)
Press: ? - help, Q - select action Dir - look around, f - activate You conjure some foxfire!
The ball python hisses angrily.
The foxfire hits the ball python.
You kill the ball python!
Found a glowing scarf.
Found 15 gold pieces.
You see here a scarf of invisibility.
You start putting on your armour.
You continue putting on your scarf of invisibility. x4
You finish putting on your scarf of invisibility.
You become transparent for a moment.
You now have 35 gold pieces (gained 15).
Found a whip.
Done exploring.
Done exploring.
Done exploring.
Done exploring.
Done exploring.
(D) Dungeon
Where to? (? - help)
What level of the Dungeon? (default 1, ? - help)
There is a stone staircase leading down here.
You climb downwards.
There is a stone staircase leading up here.
Welcome back, siradein the Ogre Fire Elementalist.
Press ? for a list of commands and other information.
Are you sure you want to abandon this character and quit the game? (Confirm with "yes".)

#### ..# #.#
#@# ..........#
.............
###.###.#.###..
.. #.#.# ##
#.#.. #.# .#
#.# .#


There were no monsters in sight!

Vanquished Creatures
  A dart slug (D:1)
  4 endoplasms (D:1)
  2 giant cockroaches (D:1)
  6 hobgoblins (D:1)
  3 kobolds (D:1)
  2 ball pythons (D:1)
  2 bats (D:1)
  3 frilled lizards (D:1)
  A goblin (D:1)
  2 rats (D:1)
26 creatures vanquished.

Vanquished Creatures (others)
  81 foxfires (D:1)
81 creatures vanquished.

Grand Total: 107 creatures vanquished

Notes
Turn   | Place    | Note
-------+----------+-------------------------------------------
     0 | D:1      | siradein the Ogre Fire Elementalist began the quest for the
                  | Orb.
     0 | D:1      | Reached XP level 1. HP: 16/16 MP: 3/3
     8 | D:1      | Found Tutwiluz's Antique Armour Emporium.
   142 | D:1      | Reached skill level 1 in Conjurations
   274 | D:1      | Reached XP level 2. HP: 22/24 MP: 1/5
   576 | D:1      | Found Hoakesef's Magic Scroll Shoppe.
   817 | D:1      | Reached XP level 3. HP: 25/31 MP: 2/7
  1099 | D:1      | Found Puip's Antique Weapon Shop.
  1422 | D:2      | Quit the game

Illustrated notes

Levels and vault maps discovered:
D:1:      lemuel_arrival_rhombus, layout_loops_ring, serial_shops,
          nicolae_shop_statue_plus, nicolae_shop_window_shopping, shop,
          chequers_avenue, amcnicky_mini_corridor_feature,
          minmay_close_crescents
D:2:      layout_basic, hellmonk_ecumenical_altar_leap_of_faith,
          minmay_tetromino_i2

Skill      XL: |  1  2 |
---------------+-------+-----
Conjurations   | 1 |  1.3
Dodging        | 2 |  2.1
Stealth        | |  1.8
Spellcasting   | |  2.8
Fire Magic     | |  2.9

Action                   || total
-------------------------++-------
 Cast: Foxfire           ||    48
Armor: Robe              ||     6
Dodge: Dodged            ||     9

Table legend: (Time is in decaauts)
 A = Elapsed time spent in this place.
 B = Non-inter-level travel time spent in this place.
 C = Inter-level travel time spent in this place.
 D = Time resting spent in this place.
 E = Time spent auto-exploring this place.
 F = Levels seen in this place.
 G = Mean time per level.
                   A        B        C        D        E       F      G
               +--------+--------+--------+--------+--------+-----+--------+
         Total |   1421 |   1390 |     31 |      0 |   1191 |   2 |  710.5 |
       Dungeon |   1421 |   1390 |     31 |      0 |   1191 |   2 |  710.5 |
               +--------+--------+--------+--------+--------+-----+--------+

Top non-repeatable levels by time:
     D:1: 1420 daAuts
     D:2: 0 daAuts
